Description

This is a diamond level build order.

This is a 2 base all in with a fake 3rd. Why fake 3rd?

Because at diamond level, players should be able to know this is a 2 base all in if they don't see a 3rd at maybe 5 min. So we give them what they expect, a 3rd before 5 min! This way, they will not play overly safe, which is very important for success of this build.

We must make zerg think we are doing a 3 base build. Taking a 3rd will be an easy way to do so. I expect people at diamond level will rely on a 3rd to know if we're doing a 3 base build(obviously).

If they learn to count probes at third, then they'll know this is actually a fake third, because there are no probes at 3rd! But if your opponent can count probes at 3rd, then, they should not be in Diamond league anyways(I guess good scout don't start at maybe at Master 1, scouting is quite a high level skill, except counting bases and production buildings, which Diamond players should be able to do, I suppose). So I guess this should be a good strategy.

This build is the same as a standard Stargate build before taking a third.

Build Twilight council, forge and Robo before 3rd. Take a third then build gateways to a total of 10.

The units we build in Stargate: 2 oracles. We don't build pheonix to deny scout because this is not for high level play, so we expect opponent not able to know this is an all in. This allows us to build twilight council and robo earlier.

Stop probe production at 38.

The 3rd is a fake.

Move out at arount 6:00.

arrive at around 6:30 and warp in lots of zealots!

Chronoboost: It's very flexible, you can chrono like a standard build, that is, 2 on nexus, and 2 on gateways for first 2 adepts, 2 on oracales. Don't worry about chrono charge, if you research it on time. Try to chrono ground attack +1 because its much later than charge.

Replay - Stargate into Chargelog all in ref

Build Order

Get SALT Encoding   

  12  0:00  Probe  
  13  0:12  Probe  
  14  0:19  Pylon  
  14  0:25  Probe  
  15  0:37  Probe (Chrono Boost)  
  15  0:38  Gateway  
  16  0:48  Assimilator  
  16  0:49  Probe (Chrono Boost)  
  17  0:54  Probe (Chrono Boost)  
  18  1:03  Probe  
  19  1:15  Probe  
  20  1:26  Nexus  
  20  1:35  Cybernetics Core  
  20  1:37  Probe  
  21  1:48  Assimilator  
  21  1:49  Probe  
  21  1:54  Pylon  
  23  2:10  Adept (Chrono Boost)  
  26  2:23  Stargate  
  26  2:30  Adept (Chrono Boost)  
  30  2:45  Warp Gate  
  30  2:47  Gateway  
  31  2:52  Stalker  
  36  3:13  Oracle (Chrono Boost)  
  41  3:20  Pylon  
  43  3:36  Adept x2  
  47  3:51  Oracle (Chrono Boost)  
  50  3:57  Pylon x2  
  52  4:13  Twilight Council  
  54  4:18  Forge  
  54  4:35  Nexus  
  54  4:36  Robotics Facility  
  54  4:42  Zealot x2  
  54  4:44  Charge (Chrono Boost)  
  58  4:52  Gateway x3  
  58  5:01  Protoss Ground Weapons Level 1 (Chrono Boost)  
  58  5:12  Zealot x2  
  62  5:23  Warp Prism  
  64  5:29  Gateway x3  
  62  5:36  Zealot  
  62  5:37  Sentry  
  66  5:50  Gateway x2  
  66  5:57  Sentry  
  66  5:58  Zealot x2  
  72  6:29  Sentry x2  
  72  6:30  Zealot x3  
  86  6:46  Sentry  
Spawning Tool Build Advisor. Get it on Overwolf

Go to:

Details

  • Created by: master
  • Published on: Sep 28, 2024
  • Modified on: Sep 28, 2024
  • Patch: 5.0.11
  • Difficulty: Medium
Show
View Real Time Build Order
Export as new Build Order

Comments (0)

There are no comments. Be the first!

Create an account to comment!